 Dungeon Crawl Stone Soup version 0.18.1-5-g4a78601 (webtiles) character file.

1920 dvd the Geomancer (level 8, -5/64 HPs)
             Began as a Deep Dwarf Earth Elementalist on May 11, 2016.
             Was a Follower of Elyvilon.
             Slain by an orc warrior
             ... wielding a +0 halberd
              (6 damage)
             ... on level 7 of the Dungeon.
             The game lasted 00:30:25 (5616 turns).

dvd the Geomancer (Deep Dwarf Earth Elementalist)   Turns: 5616, Time: 00:30:26

Health: -5/64      AC: 12    Str: 18    XL:     8   Next: 96%
Magic:  5/17       EV: 15    Int: 17    God:    Elyvilon [*.....]
Gold:   228        SH:  0    Dex: 17    Spells: 3 memorised, 10 levels left

rFire  . . .     SeeInvis .     a - +1 mace (protect)
rCold  . . .     Gourm    .     o - +0 robe
rNeg   . . .     Faith    .     (no shield)
rPois  .         Spirit   .     z - +1 helmet
rElec  .         Dismiss  .     p - +0 cloak
rCorr  .         Reflect  .     n - +0 pair of gloves
SustAt .         Harm     .     (no boots)
MR     +....                    i - amulet of magic regeneration
Stlth  ++++......               m - +1 ring of protection
                                s - ring of stealth

@: mighty, protection, non-regenerating, somewhat resistant to hostile
enchantments, stealthy
A: damage resistance, recharge devices, agile 2, sense surroundings 1, screaming
1, slow regeneration 3
a: Device Recharging, Lesser Healing, Divine Protection, Renounce Religion


You were on level 7 of the Dungeon.
You worshipped Elyvilon.
Elyvilon was aware of your devotion.
You were very hungry.

You visited 2 branches of the dungeon, and saw 8 of its levels.

You collected 228 gold pieces.

Inventory:

Hand Weapons
 a - a +1 mace of protection (weapon)
 b - a +0 war axe
Missiles
 x - 48 stones (quivered)
Armour
 n - a +0 pair of gloves (worn)
 o - a +0 robe (worn)
 p - a +0 cloak (worn)
 w - a +3 leather armour
 y - a +2 ring mail of poison resistance
 z - a +1 helmet (worn)
Jewellery
 i - an amulet of magic regeneration (around neck)
 m - a +1 ring of protection (right hand)
 s - a ring of stealth (left hand)
Wands
 d - a wand of heal wounds (0/9)
 B - a wand of acid (10/15)
Scrolls
 g - 2 scrolls of fog
 q - 8 scrolls of identify
 t - a scroll of teleportation
 u - 3 scrolls of blinking
 A - 3 scrolls of fear
Potions
 j - a potion of agility
 l - 3 potions of flight
 r - 2 potions of brilliance
Books
 c - a book of Geomancy

   Spells                             Type                      Level
   a - Sandblast                      Earth                        1
   b - Passwall                       Transmutation/Earth          2
   c - Stone Arrow                    Conjuration/Earth            3
   d - Petrify                        Transmutation/Earth          4
   e - Lee's Rapid Deconstruction     Earth                        5
Comestibles
 f - 4 bread rations
 k - 6 meat rations
 v - 3 chunks of flesh
 C - 5 fruits
 D - a slice of pizza


   Skills:
 + Level 1.3 Fighting
 + Level 0.2(1.0) Axes
 + Level 1.3 Maces & Flails
 + Level 1.3 Armour
 + Level 4.5 Dodging
 + Level 4.4 Stealth
 + Level 6.3 Spellcasting
 + Level 1.2 Conjurations
   Level 0.8 Transmutations
 + Level 9.5 Earth Magic
 + Level 1.3 Invocations
 + Level 1.3 Evocations


You had 10 spell levels left.
You knew the following spells:

 Your Spells              Type           Power        Failure   Level  Hunger
a - Sandblast             Erth           #####.       1%          1    None
b - Stone Arrow           Conj/Erth      ###...       6%          3    ##.....
c - Lee's Rapid Deconstr  Erth           #####.....   10%         5    #####..


Dungeon Overview and Level Annotations

Branches:
Dungeon (7/15)             Temple (1/1) D:5

Altars:
Ashenzari
Cheibriados
Dithmenos
Elyvilon
Fedhas
Gozag
Kikubaaqudgha
Nemelex Xobeh
Okawaru
Pakellas
Qazlal
Ru
Trog
Xom
Yredelemnul
Zin
The Shining One


Innate Abilities, Weirdness & Mutations

You are resistant to damage.
You can recharge devices by infusing magical energy.
You passively map a small area around you.
You do not regenerate naturally.
You are very agile. (Dex +4)
You occasionally shout uncontrollably at your foes.


Message History

The orc warrior hits you with a halberd!
* * * LOW HITPOINT WARNING * * *
The worker ant barely misses you.
The orc warrior hits you with a halberd!
* * * LOW HITPOINT WARNING * * *
Drink which item? (? for menu, Esc to quit)
Okay, then.
Unknown command.
You beseech Elyvilon to protect your life.
The worker ant closely misses you.
The worker ant bites you but does no damage.
Casting: Lee's Rapid Deconstruction
Confirm with . or Enter, or press ? or * to list all spells.
Aiming: Sandblast
Press: ? - help, Shift-Dir - straight line, f - orc warrior
Aim: an orc warrior, wielding a halberd and wearing a plate armour (almost dead)
The blast of sand hits the orc warrior.
The orc warrior is almost dead.
The orc warrior hits you with a halberd!
You die...

#.. ... .. #..
####c##.#*
#..##......
#......#.#####
*
#>##.........*
,
#.†(....####.#
##c#.o<..)...#
*
#o#.....†##(/
, #@#......(#
*
#a###..#....#
* #.#
#.......# ,
#.. ...#....#
,
#####.......#
* , * ####
..## * ,* * ,
*


You could see an orc warrior, a centaur and a worker ant.

Vanquished Creatures
  The ghost of F1L1N the Skirmisher, an amateur MiBe of Trog (D:4)
  2 orc warriors
  An ice beast (D:5)
  2 sky beasts (D:6)
  A phantom (D:7)
  An ogre (D:5)
  A giant frog (D:6)
  The ghost of Charly the Ruffian, an amateur VSTm of Cheibriados (D:6)
  2 scorpions
  4 hounds
  2 centaur skeletons (D:7)
  A jelly (D:6)
  3 orc priests
  4 orc wizards
  2 iguanas (D:6)
  Natasha (twice) (D:2)
  5 worker ants
  2 hound skeletons
  A worker ant zombie (D:6)
  4 adders
  An ooze (D:2)
  3 adder skeletons
  4 worms
  3 dart slugs
  4 giant geckos
  12 orcs
  2 ball pythons
  10 giant cockroaches
  10 goblins
  7 hobgoblins
  10 jackals
  A quokka (D:3)
  8 bats
  A giant gecko zombie (D:6)
  5 giant newts
  9 kobolds
  9 rats
141 creatures vanquished.

Notes
Turn   | Place    | Note
--------------------------------------------------------------
     0 | D:1      | dvd the Deep Dwarf Earth Elementalist began the quest for the Orb.
     0 | D:1      | Reached XP level 1. HP: 15/15 MP: 3/3
   151 | D:1      | Reached XP level 2. HP: 14/22 MP: 0/4
   635 | D:1      | Reached XP level 3. HP: 14/28 MP: 2/6
  1132 | D:2      | Found an ancient bone altar of Kikubaaqudgha.
  1283 | D:2      | Found a glowing golden altar of the Shining One.
  1285 | D:2      | Noticed an angel
  1298 | D:2      | Found a basalt altar of Yredelemnul.
  1300 | D:2      | Noticed a profane servitor
  1366 | D:2      | Noticed Natasha
  1374 | D:2      | Learned a level 3 spell: Stone Arrow
  1382 | D:2      | Killed Natasha
  1382 | D:2      | Reached XP level 4. HP: 35/37 MP: 4/8
  1665 | D:2      | Reached skill level 5 in Earth Magic
  1726 | D:2      | Noticed Natasha
  1737 | D:2      | Killed Natasha
  1802 | D:3      | Reached XP level 5. HP: 27/43 MP: 0/9
  1890 | D:3      | Found a sparkling altar of Nemelex Xobeh.
  2044 | D:3      | Reached skill level 6 in Earth Magic
  2279 | D:3      | Found an opulent altar of Gozag.
  2637 | D:4      | Reached XP level 6. HP: 50/50 MP: 8/11
  2877 | D:4      | Noticed F1L1N's ghost (amateur MiBe)
  3311 | D:4      | Found a sacrificial altar of Ru.
  3548 | D:5      | Entered Level 5 of the Dungeon
  3559 | D:5      | Found a staircase to the Ecumenical Temple.
  3563 | D:5      | Reached skill level 1 in Armour
  3580 | Temple   | Entered the Ecumenical Temple
  3619 | Temple   | Became a worshipper of Elyvilon the Healer
  3792 | D:5      | Reached XP level 7. HP: 35/56 MP: 5/13
  3828 | D:5      | Gained mutation: You are agile. (Dex +2) [potion of mutation]
  3828 | D:5      | Gained mutation: You occasionally shout uncontrollably at your foes. [potion of mutation]
  3828 | D:5      | Gained mutation: You are very agile. (Dex +4) [potion of mutation]
  3896 | D:5      | Reached skill level 1 in Evocations
  3910 | D:5      | Reached skill level 7 in Earth Magic
  4149 | D:4      | Killed F1L1N's ghost
  4149 | D:4      | Reached skill level 1 in Fighting
  4272 | D:5      | Reached skill level 5 in Spellcasting
  4378 | D:5      | Reached XP level 8. HP: 21/64 MP: 11/15
  4584 | D:6      | Reached * piety under Elyvilon
  4666 | D:6      | Reached skill level 8 in Earth Magic
  4673 | D:6      | Reached skill level 1 in Conjurations
  4766 | D:6      | Noticed Charly's ghost (amateur VSTm)
  4773 | D:6      | Killed Charly's ghost
  4773 | D:6      | Reached skill level 1 in Maces & Flails
  5070 | D:5      | Learned a level 5 spell: Lee's Rapid Deconstruction
  5191 | D:6      | Reached skill level 1 in Invocations
  5299 | D:6      | Reached skill level 9 in Earth Magic
  5428 | D:6      | Found a glowing silver altar of Zin.
  5500 | D:6      | Found a shadowy altar of Dithmenos.
  5614 | D:7      | HP: 1/64 [orc warrior/halberd (11)]
  5616 | D:7      | Slain by an orc warrior

Skill      XL: |  1  2  3  4  5  6  7  8 |
---------------+-------------------------+-----
Spellcasting   | 2 3 4 5 6 |  6.3
Stealth        | 3 4 |  4.4
Earth Magic    | 5 6 7 9 |  9.5
Dodging        | 3 4 |  4.5
Armour         | 1 |  1.3
Evocations     | 1 |  1.3
Fighting       | 1 |  1.3
Conjurations   | 1 |  1.2
Maces & Flails | 1 |  1.3
Invocations    | 1 |  1.3
Axes           | |  0.2
Transmutations | |  0.8

Action                   |  1- 3 |  4- 6 |  7- 9 || total
-------------------------+-------+-------+-------++-------
Melee: Unarmed           |    46 |       |       ||    46
       Mace              |    21 |    39 |    40 ||   100
       War axe           |       |    19 |    11 ||    30
 Cast: Sandblast         |    68 |   110 |    71 ||   249
       Stone Arrow       |       |     5 |    25 ||    30
       Lee's Rapid Decon |       |       |     9 ||     9
Invok: Lesser Healing    |       |       |    16 ||    16
       Divine Protection |       |       |     1 ||     1
Evoke: Wand              |     1 |     5 |     3 ||     9
  Use: Scroll            |     7 |     1 |     4 ||    12
       Potion            |     2 |     5 |     6 ||    13
 Stab: Sleeping          |     2 |     1 |     5 ||     8
  Eat: Chunk             |     3 |     6 |     7 ||    16
       Meat ration       |       |     1 |       ||     1
       Royal jelly       |       |       |     1 ||     1
Armor: Robe              |    28 |    12 |    33 ||    73
       Leather armour    |       |     9 |       ||     9
       Ring mail         |       |    20 |       ||    20
Dodge: Dodged            |    94 |    67 |    87 ||   248
